 Seeded DCSS version 0.30-a0-250-g41c1d76940 (webtiles) character file.

Game seed: 11836800648259413034 (custom seed)

134288 hikkokomori the Slayer (level 17, -2/205 HPs)
             Began as an Ogre Air Elementalist on Oct 13, 2022.
             Was the Champion of Cheibriados.
             Hit by a silver javelin thrown by a merfolk javelineer (9 damage)
             ... on level 4 of the Shoals.
             The game lasted 01:00:08 (21641 turns).

hikkokomori the Slayer (Ogre Air Elementalist)     Turns: 21641, Time: 01:00:09

Health: -2/205     AC: 13    Str: 42    XL:     17   Next: 16%
Magic:  11/25      EV: 23    Int: 31    God:    Cheibriados [******]
Gold:   3511       SH:  0    Dex: 26    Spells: 18/21 levels left

rFire   + . .      SeeInvis .    g - +6 giant club (spect) {big}
rCold   . . .      Faith    .    (shield currently unavailable)
rNeg    . . .      Spirit   .    o - +1 robe of Action {-Cast rF+ Str+7}
rPois   +          Reflect  .    (helmet restricted)
rElec   .          Harm     .    s - +2 cloak
rCorr   .          Rampage  .    (gloves unavailable)
Will    .....      NoCast   +    (boots unavailable)
Stlth   +++.......               G - amulet of regeneration
HPRegen 1.34/turn                l - +4 ring of protection
MPRegen 0.19/turn                D - +4 ring of evasion

@: weak-willed, studying Translocations, very slow
A: large, unfitting armour, tough skin 1, iridescent scales 1, poison
resistance, no potion heal 1
a: Renounce Religion, Bend Time, Temporal Distortion, Slouch, Step From Time


You were on level 4 of the Shoals.
You worshipped Cheibriados.
Cheibriados was exalted by your worship.
You visited 5 branches of the dungeon, and saw 27 of its levels.
You also visited: Bailey.

You collected 3799 gold pieces.
You spent 288 gold pieces at shops.

Inventory:

Hand Weapons
 f - the +9 shortbow "Buulagam" {freeze, rF+ rN+ Will+}
   (You acquired it on level 1 of the Dungeon)

   Any ammunition fired from it freezes those it strikes, dealing additional
   cold damage.
   It can also slow down cold-blooded creatures.
   rF:        It protects you from fire.
   rN:        It protects you from negative energy.
   Will:      It increases your willpower.
 g - a +6 spectral giant club (weapon) {big}
Missiles
 h - 23 poisoned darts
 p - 4 curare-tipped darts
 E - 6 throwing nets
 Q - 20 large rocks
Armour
 o - the +1 robe of Action (worn) {-Cast rF+ Str+7}
   (You found it on level 3 of the Dungeon)

   Str:       It affects your strength (+7).
   rF:        It protects you from fire.
   -Cast:     It prevents spellcasting.
 s - a +2 cloak (worn)
 B - +1 steam dragon scales
Jewellery
 a - an amulet of guardian spirit
 l - a +4 ring of protection (left hand)
 q - a ring of resist corrosion
 y - an amulet of magic regeneration
 A - a +6 ring of intelligence
 D - a +4 ring of evasion (right hand)
 F - a ring of protection from cold
 G - an amulet of regeneration (around neck)
 H - a ring of flight
 J - a ring of positive energy
 P - a ring of see invisible
Wands
 x - a wand of light (12)
 C - a wand of paralysis (22)
 I - a wand of flame (28)
 T - a wand of roots (10)
 V - a wand of polymorph (11)
Scrolls
 e - 3 scrolls of magic mapping
 m - 13 scrolls of teleportation
 t - 2 scrolls of enchant armour
 u - a scroll of butterflies
 v - 2 scrolls of blinking
 M - 3 scrolls of fear
 O - a scroll of silence
 S - 5 scrolls of poison
 U - 3 scrolls of amnesia
 W - a scroll of summoning
 Z - a scroll of torment
Potions
 b - 5 potions of magic
 c - 2 potions of flight
 d - 8 potions of heal wounds
 i - 5 potions of brilliance
 j - 6 potions of curing
 k - a potion of cancellation
 n - 2 potions of might
 r - 3 potions of lignification
 z - 3 potions of mutation
 K - 6 potions of haste
 N - a potion of ambrosia
 R - 2 potions of resistance
 X - 2 potions of berserk rage
 Y - a potion of invisibility
Miscellaneous
 w - a lightning rod (4/4)
 L - a tin of tremorstones (2/2)


   Skills:
 - Level 21.0 Fighting
 + Level 17.3 Maces & Flails
 + Level 5.8 Throwing
 + Level 11.1 Dodging
 + Level 1.6 Stealth
 - Level 2.5 Spellcasting
 - Level 1.0 Conjurations
 - Level 7.6 Translocations
 - Level 2.9 Air Magic
 - Level 11.0 Invocations


You had 18 spell levels left.
You knew the following spells:

 Your Spells              Type           Power      Damage    Failure   Level
a - Shock                 Conj/Air       64%        1d7       3%          1
b - Static Discharge      Conj/Air       32%        2-4/arc   4%          2

Your spell library contained the following spells:

 Spells                   Type           Power      Damage    Failure   Level
 Apportation              Tloc           100%       N/A       1%          1
 Gell's Gravitas          Tloc           51%        N/A       1%          3
 Teleport Other           Tloc           51%        N/A       1%          3
 Vhi's Electric Charge    Tloc/Air       72%        N/A       2%          3
 Passage of Golubria      Tloc           51%        N/A       3%          4
 Swiftness                Air            21%        N/A       6%          3
 Necrotise                Necr           12%        1d4       7%          1
 Summon Small Mammal      Summ           12%        N/A       7%          1
 Sublimation of Blood     Necr           3%         N/A       11%         2
 Stone Arrow              Conj/Erth      14%        3d7       17%         3
 Inner Flame              Hex/Fire       3%         N/A       22%         3
 Summon Guardian Golem    Hex/Summ       3%         N/A       22%         3
 Tukima's Dance           Hex            3%         N/A       22%         3
 Vampiric Draining        Necr           3%         2d6       22%         3
 Airstrike                Air            10%        2d(2-18)  22%         4
 Summon Forest            Summ/Tloc      13%        N/A       38%         5
 Dispersal                Tloc           25%        N/A       43%         6
 Flame Wave               Conj/Fire      7%         2d5       50%         4
 Sticky Flame             Conj/Fire      7%         2d3       50%         4
 Animate Armour           Summ/Erth      6%         N/A       56%         4
 Cause Fear               Hex            1%         N/A       56%         4
 Leda's Liquefaction      Hex/Erth       1%         N/A       56%         4
 Petrify                  Tmut/Erth      3%         N/A       56%         4
 Arcjolt                  Conj/Air       8%         1d18      65%         5
 Lightning Bolt           Conj/Air       8%         1d20      65%         5
 Irradiate                Conj/Tmut      3%         3d12      85%         5
 Agony                    Necr           3%         N/A       89%         5
 Lee's Rapid Deconstruct  Erth           1%         3d5*      89%         5
 Summon Mana Viper        Hex/Summ       3%         N/A       89%         5
 Yara's Violent Unravell  Hex/Tmut       1%         3d3       89%         5
 Eringya's Noxious Bog    Tmut/Pois      1%         N/A       100%        6
 Statue Form              Tmut/Erth      2%         N/A       100%        6
 Summon Cactus Giant      Summ           1%         N/A       100%        6
 Dragon Form              Tmut           1%         N/A       100%        7
 Orb of Destruction       Conj           5%         9d5       100%        7
 Spellforged Servitor     Conj/Summ      3%         N/A       100%        7
 Summon Hydra             Summ           1%         N/A       100%        7
 Lehudib's Crystal Spear  Conj/Erth      3%         10d3      100%        8
 Dragon's Call            Summ           1%         N/A       100%        9


Dungeon Overview and Level Annotations

Branches:
Dungeon (15/15)            Temple (1/1) D:6            Lair (5/5) D:9
 Shoals (4/4) Lair:2       Spider (0/4) Lair:2        Slime (0/5) Lair:5
    Orc (2/2) D:10            Elf (0/3) Orc:2        Vaults (0/5) D:14
 Depths (0/4) D:15         Bailey (visited)

Altars:
Ashenzari
Cheibriados
Dithmenos
Elyvilon
Fedhas
Gozag
Hepliaklqana
Kikubaaqudgha
Makhleb
Nemelex Xobeh
Okawaru
Qazlal
Ru
Sif Muna
Trog
Uskayaw
Vehumet
Wu Jian
Xom
Yredelemnul
Zin
The Shining One
Jiyva

Shops:
D:10 (   Orc:1 !   Orc:2 [[:=!

Annotations:
Shoals:3 Bai Suzhen, Ilsuiw


Innate Abilities, Weirdness & Mutations

You are too large for most types of armour.
You have tough skin. (AC +1)
You are partially covered in iridescent scales. (AC +2)
Your system is resistant to poisons. (rPois)
Potions are less effective at restoring your health.


Message History

An alligator snapping turtle comes into view.
The faun shoots a sling bullet.
The sling bullet hits you!
* * * LOW HITPOINT WARNING * * *
The alligator snapping turtle moves out of view.
Your system partially rejects the healing.
You feel much better.
The faun shoots a sling bullet.
The sling bullet closely misses you.
The satyr shoots an arrow.
The arrow hits you!
* * * LOW HITPOINT WARNING * * *
Unknown command.
Unknown command.
As you read the scroll of teleportation, it crumbles to dust.
You feel strangely unstable.
The faun shoots a sling bullet.
The sling bullet hits you but does no damage.
Unknown command.
Okay, then.
As you read the scroll of butterflies, it crumbles to dust.
You hear the tinkle of a tiny bell.
The sea snake completely misses you.
The faun completely misses your butterfly.
The faun gestures at you while chanting.
Your butterfly is outlined in light.
The satyr plays a rousing melody on his pipes!
The fauns go into a battle-frenzy!
You swap places.
Your surroundings suddenly seem different.
A harpy comes into view.
Unknown command.
A merfolk comes into view. It is wielding a +0 trident.
The merfolk shouts!
The merfolk javelineer shouts!
You hear a shout!
The merfolk throws a boomerang.
The boomerang barely misses you.
The merfolk javelineer throws a silver javelin.
The silver javelin pierces through you!
* * * LOW HITPOINT WARNING * * *
The silver sears you!
* * * LOW HITPOINT WARNING * * *
The merfolk throws a boomerang.
The boomerang barely misses you.
The merfolk javelineer throws a silver javelin.
The silver javelin pierces through you!
You die...

≈≈≈≈≈≈≈≈≈≈≈≈≈≈≈≈≈≈≈≈≈≈≈≈≈
≈≈≈≈≈≈≈≈≈≈≈≈≈≈≈≈≈≈≈≈≈≈≈≈≈
≈≈≈≈≈≈≈~~~~~~~~~~~~~~~~~~
≈≈≈≈≈≈~~~~...............
≈≈≈≈≈~~~~P...........P...
≈≈≈≈~~~~..<##.........##.
≈≈≈≈~~~~.P<.#...~.....##.
≈≈≈≈~~~~..m..............
≈≈≈≈~~†)÷......@..#....<.
≈≈≈≈~~~†(....m.##..#.....
≈≈≈≈~~~~~~~~~~~#/.m#~~~~~
≈≈≈≈~~~~#.###m'#...#''###
≈≈≈≈~~~###. ...#.m.# ..
≈≈≈≈~~. .....##.#.
≈≈≈≈~.# ...~. ..#..
≈≈≈≈## ~..........~
....~~H


You could see a merfolk javelineer and 3 merfolk.

Vanquished Creatures
  Jorgrun (D:15)
  Kirke (D:13)
  Roxanne (Shoals:2)
  Donald (Shoals:1)
  Louise (Shoals:3)
  3 orc warlords
  A dire elephant (D:15)
  An ettin (Orc:2)
  The ghost of jlumianski the Cleaver, a journeyman DsGl of Qazlal (D:12)
  A merfolk javelineer (Shoals:1)
  A merfolk impaler (Shoals:2)
  A great orb of eyes (D:15)
  3 merfolk avatars
  5 hydras
  8 centaur warriors
  7 boulder beetles
  3 satyrs
  3 tengu warriors (D:15)
  5 two-headed ogres (Orc:2)
  4 orc high priests (Orc:2)
  5 skeletal warriors (D:14)
  11 sea snakes
  11 harpies
  9 manticores
  9 fauns
  A salamander (D:15)
  7 orc knights
  7 cyclopes
  5 orc sorcerers
  21 ugly things
  A cyclops (shapeshifter) (D:14)
  11 slime creatures
  3 merfolk sirens
  5 elephants
  6 black mambas
  16 cane toads
  5 water nymphs
  3 kobold demonologists (D:11)
  A cane toad (shapeshifter) (D:14)
  5 rime drakes
  7 gargoyles
  2 efreet
  10 komodo dragons
  4 tengu conjurers
  2 polar bears
  3 wind drakes
  34 blink frogs
  A tarantella (shapeshifter) (D:14)
  13 trolls
  Grinder (D:6)
  11 merfolk
  A hornet (Lair:5)
  7 saltlings (Orc:2)
  7 snapping turtles
  A centaur simulacrum (D:11)
  3 vampires
  2 shadows
  6 hogs (D:13)
  3 wyverns
  4 water elementals
  51 yaks
  2 wraiths
  2 basilisks
  A redback (Lair:2)
  7 steam dragons
  Menkaure (D:6)
  3 vampire mosquitoes
  Edmund (D:6)
  6 wargs (Orc:2)
  An acid dragon (D:11)
  15 water moccasins
  Duvessa (D:4)
  32 orc warriors
  4 ice beasts
  5 sky beasts
  4 black bears
  15 centaurs
  7 ogres
  5 boggarts (D:14)
  10 wolves
  A kobold brigand (D:9)
  2 gnoll sergeants
  4 necrophages
  6 scorpions
  12 bullfrogs
  17 wights
  Dowan (D:4)
  9 howler monkeys
  2 electric eels
  7 vampire bats (Bailey)
  9 wolf zombies (Bailey)
  3 jellies
  22 orc priests
  A gnoll bouda (D:6)
  5 hounds
  4 iguanas
  25 orc wizards
  Robin (D:2)
  15 gnolls
  10 adders
  5 ufetubi
  A worm (D:2)
  3 dart slugs
  105 orcs
  3 endoplasms
  A giant cockroach (D:1)
  18 goblins
  7 hobgoblins
  2 jackals (D:5)
  A quokka (D:1)
  9 ball pythons
  7 bats
  2 frilled lizards (D:1)
  12 kobolds
  19 orc zombies (Bailey)
  14 rats
  5 plants
859 creatures vanquished.

Vanquished Creatures (others)
  An ugly thing (D:15)
  A manticore (Shoals:2)
  18 fungi
  8 pillars of salt (Orc:2)
  137 plants
165 creatures vanquished.

Grand Total: 1024 creatures vanquished

Notes
Turn   | Place    | Note
-------+----------+-------------------------------------------
     0 | D:1      | hikkokomori the Ogre Air Elementalist began the quest for
                  | the Orb.
     0 | D:1      | Reached XP level 1. HP: 16/16 MP: 3/3
   105 | D:1      | Reached skill level 1 in Conjurations
   135 | D:1      | Reached XP level 2. HP: 13/24 MP: 0/5
   243 | D:1      | Identified 3 scrolls of acquirement
   243 | D:1      | Acquired 1055 gold pieces
   245 | D:1      | Acquired a +4 spectral giant club
   251 | D:1      | Learned a level 2 spell: Static Discharge
   251 | D:1      | Acquired the +9 shortbow "Buulagam" {freeze, rF+ rN+ Will+}
   455 | D:1      | Reached skill level 1 in Fighting
   481 | D:1      | Reached XP level 3. HP: 33/33 MP: 6/6
   493 | D:1      | Found a faded altar of an unknown god.
   616 | D:2      | Noticed Robin
   617 | D:2      | Reached skill level 1 in Maces & Flails
   620 | D:2      | Killed Robin
   621 | D:2      | Reached skill level 2 in Fighting
   716 | D:2      | Reached XP level 4. HP: 44/44 MP: 7/7
   801 | D:2      | Reached skill level 3 in Fighting
  1229 | D:3      | Identified the +1 robe of Action {-Cast rF+ Str+7}
  1391 | D:3      | Found a burning altar of Makhleb.
  1611 | D:4      | Reached XP level 5. HP: 54/54 MP: 8/8
  1614 | D:4      | Noticed Dowan
  1620 | D:4      | Killed Dowan
  1621 | D:4      | Reached skill level 4 in Fighting
  1625 | D:4      | Noticed Duvessa
  1632 | D:4      | Killed Duvessa
  1633 | D:4      | Reached skill level 5 in Fighting
  1633 | D:4      | Reached XP level 6. HP: 17/66 MP: 9/9
  2082 | D:4      | Found an opulent altar of Gozag.
  2363 | D:4      | Reached skill level 6 in Fighting
  2363 | D:4      | Reached XP level 7. HP: 73/75 MP: 10/10
  2561 | D:5      | Entered Level 5 of the Dungeon
  2597 | D:5      | Reached skill level 7 in Fighting
  2602 | D:5      | Reached skill level 5 in Maces & Flails
  2604 | D:5      | Reached XP level 8. HP: 77/88 MP: 11/11
  2606 | D:5      | Reached skill level 8 in Fighting
  2676 | D:5      | Noticed a yak
  2680 | D:5      | Killed a yak
  2755 | D:5      | Reached skill level 9 in Fighting
  2951 | D:5      | Found a blossoming altar of Fedhas.
  3296 | D:6      | Reached skill level 10 in Fighting
  3296 | D:6      | Reached XP level 9. HP: 101/101 MP: 12/12
  3322 | D:6      | Noticed Menkaure
  3324 | D:6      | Noticed Grinder
  3327 | D:6      | Killed Grinder
  3329 | D:6      | Killed Menkaure
  3556 | D:6      | Found a basalt altar of Yredelemnul.
  3627 | D:6      | Reached skill level 11 in Fighting
  3636 | D:6      | Found a shadowy altar of Dithmenos.
  3722 | D:6      | Noticed Edmund
  3743 | D:6      | Killed Edmund
  3747 | D:6      | Found a stormy altar of Qazlal.
  3907 | D:6      | Found a staircase to the Ecumenical Temple.
  3974 | D:6      | Reached skill level 12 in Fighting
  3988 | Temple   | Entered the Ecumenical Temple
  4242 | Temple   | Became a worshipper of Cheibriados the Contemplative
  4748 | D:7      | Reached XP level 10. HP: 117/117 MP: 13/13
  4992 | D:7      | Reached skill level 13 in Fighting
  5401 | D:8      | Reached * piety under Cheibriados
  5819 | D:8      | Reached skill level 10 in Maces & Flails
  6016 | D:8      | Reached skill level 14 in Fighting
  6022 | D:8      | Reached ** piety under Cheibriados
  6466 | D:9      | Reached XP level 11. HP: 113/131 MP: 14/14
  6546 | D:9      | Found a staircase to the Lair.
  6554 | D:9      | Reached skill level 15 in Fighting
  6790 | D:9      | Reached *** piety under Cheibriados
  7086 | D:9      | Found a shimmering altar of Xom.
  7149 | D:9      | Found a glowing silver altar of Zin.
  7265 | D:10     | Entered Level 10 of the Dungeon
  7279 | D:10     | Noticed an orc knight
  7282 | D:10     | Reached skill level 1 in Invocations
  7285 | D:10     | Killed an orc knight
  7286 | D:10     | Reached **** piety under Cheibriados
  7294 | D:10     | Reached skill level 16 in Fighting
  7299 | D:10     | HP: 6/135 [centaur/arrow (4)]
  7346 | D:10     | Found a hazy altar of Hepliaklqana.
  7410 | D:10     | Reached XP level 12. HP: 103/146 MP: 15/15
  7423 | D:10     | Reached ***** piety under Cheibriados
  7425 | D:10     | Found a flagged portal.
  7438 | Bailey   | Entered a bailey
  7757 | D:10     | Noticed a boulder beetle
  7765 | D:10     | Killed a boulder beetle
  7766 | D:10     | Reached skill level 5 in Invocations
  7835 | D:10     | Found a staircase to the Orcish Mines.
  7837 | D:10     | Found Wugru's Weapon Emporium.
  8271 | D:11     | Noticed a boulder beetle
  8276 | D:11     | Killed a boulder beetle
  8277 | D:11     | Reached skill level 17 in Fighting
  8344 | D:11     | Noticed a boulder beetle
  8349 | D:11     | Killed a boulder beetle
  8454 | D:11     | Found an opulent altar of Gozag.
  8525 | D:11     | Noticed a boulder beetle
  8531 | D:11     | Killed a boulder beetle
  8861 | D:11     | Noticed a soul eater
  9093 | D:12     | Found an ornate altar of the Wu Jian Council.
  9211 | D:12     | Found a large runed translucent door.
  9211 | D:12     | Found a large runed translucent door.
  9247 | D:12     | Reached ****** piety under Cheibriados
  9509 | D:12     | Noticed jlumianski's ghost (journeyman DsGl)
  9894 | D:12     | Killed jlumianski's ghost
  9928 | D:13     | Found a broken altar of Ashenzari.
  9928 | D:13     | Noticed a centaur warrior
 10025 | D:11     | Reached XP level 13. HP: 136/158 MP: 18/18
 10081 | Lair:1   | Entered Level 1 of the Lair of Beasts
 10085 | Lair:1   | Reached skill level 18 in Fighting
 11587 | Lair:2   | Found a hole to the Spider Nest.
 11997 | Lair:2   | Found a staircase to the Shoals.
 12014 | Lair:2   | Reached skill level 19 in Fighting
 12341 | Lair:3   | Reached skill level 10 in Invocations
 12367 | Lair:3   | Identified the +5 quarterstaff of the Eight Servitors
                  | {freeze, rElec rPois rF+}
 12920 | Lair:4   | Reached XP level 14. HP: 157/172 MP: 21/21
 13738 | Lair:5   | Entered Level 5 of the Lair of Beasts
 13930 | Lair:5   | Reached skill level 5 in Dodging
 13958 | Lair:5   | Found a burning altar of Makhleb.
 14068 | Lair:5   | Found a staircase to the Slime Pits.
 14068 | Lair:5   | Found a viscous altar of Jiyva.
 14315 | Lair:5   | Reached skill level 15 in Maces & Flails
 14820 | Orc:1    | Entered Level 1 of the Orcish Mines
 14850 | Orc:1    | Noticed an orc warlord
 14858 | Orc:1    | Killed an orc warlord
 14915 | Orc:1    | Found Vayd's Distillery.
 15227 | Orc:2    | Entered Level 2 of the Orcish Mines
 15405 | Orc:2    | Noticed an orc warlord
 15407 | Orc:2    | Found a staircase to the Elven Halls.
 15428 | Orc:2    | Killed an orc warlord
 15565 | Orc:2    | Found Letyisez's Distillery.
 15583 | Orc:2    | Bought a potion of mutation for 96 gold pieces
 15583 | Orc:2    | Bought a potion of heal wounds for 60 gold pieces
 15583 | Orc:2    | Bought a potion of curing for 36 gold pieces
 15583 | Orc:2    | Bought a potion of mutation for 96 gold pieces
 15583 | Orc:2    | Gained mutation: You occasionally lose the ability to drink
                  | potions when taking damage. [potion of mutation]
 15583 | Orc:2    | Gained mutation: You are weak. (Str -2) [potion of
                  | mutation]
 15584 | Orc:2    | Lost mutation: You are weak. (Str -2) [potion of mutation]
 15584 | Orc:2    | Lost mutation: You occasionally lose the ability to drink
                  | potions when taking damage. [potion of mutation]
 15584 | Orc:2    | Gained mutation: You do not regenerate when monsters are
                  | visible. [potion of mutation]
 15584 | Orc:2    | Gained mutation: Your magical capacity is low. (-10% MP)
                  | [potion of mutation]
 15584 | Orc:2    | Gained mutation: You have a somewhat thin skeletal
                  | structure. (Dex +2, Stealth+) [potion of mutation]
 15585 | Orc:2    | Lost mutation: You have a somewhat thin skeletal structure.
                  | (Dex +2, Stealth+) [potion of mutation]
 15585 | Orc:2    | Lost mutation: Your magical capacity is low. (-10% MP)
                  | [potion of mutation]
 15585 | Orc:2    | Gained mutation: Armour fits poorly on your strangely
                  | shaped body. [potion of mutation]
 15586 | Orc:2    | Lost mutation: You do not regenerate when monsters are
                  | visible. [potion of mutation]
 15586 | Orc:2    | Lost mutation: Armour fits poorly on your strangely shaped
                  | body. [potion of mutation]
 15586 | Orc:2    | Gained mutation: You are partially covered in iridescent
                  | scales. (AC +2) [potion of mutation]
 15586 | Orc:2    | Gained mutation: Potions are less effective at restoring
                  | your health. [potion of mutation]
 15586 | Orc:2    | Gained mutation: Your system is resistant to poisons.
                  | (rPois) [potion of mutation]
 15653 | Orc:2    | Reached XP level 15. HP: 179/180 MP: 23/23
 15843 | Orc:2    | Paralysed by an orc sorcerer for 5 turns
 15915 | Orc:2    | Noticed an orc warlord
 15934 | Orc:2    | Found Fytwuhyu's Armour Boutique.
 15940 | Orc:2    | Found Zaraebra's Antique Armour Boutique.
 16099 | Orc:2    | Found Dainnaemohumn's Jewellery Shoppe.
 16406 | Orc:2    | Killed an orc warlord
 16525 | Orc:2    | Found Efikup's Book Shop.
 16970 | D:13     | Found a hazy altar of Hepliaklqana.
 16971 | D:13     | Noticed Kirke
 16985 | D:13     | Killed Kirke
 17571 | D:14     | You fall into a shaft and drop 1 floor!
 17571 | D:15     | Entered Level 15 of the Dungeon
 17754 | D:15     | Reached skill level 1 in Throwing
 17754 | D:15     | Reached skill level 1 in Translocations
 17841 | D:15     | Noticed Jorgrun
 17863 | D:15     | Reached skill level 20 in Fighting
 17866 | D:15     | Reached XP level 16. HP: 49/192 MP: 13/24
 17873 | D:15     | Reached skill level 10 in Dodging
 17891 | D:15     | Killed Jorgrun
 18489 | D:15     | Found a glowing golden altar of the Shining One.
 18615 | D:15     | Found a staircase to the Depths.
 19140 | D:14     | Found a gate to the Vaults.
 19588 | Shoals:1 | Entered Level 1 of the Shoals
 19612 | Shoals:1 | Noticed Donald
 19620 | Shoals:1 | Killed Donald
 19622 | Shoals:1 | Reached skill level 5 in Translocations
 20490 | Shoals:2 | Noticed Roxanne
 20508 | Shoals:2 | Killed Roxanne
 21065 | Shoals:3 | Noticed Louise
 21072 | Shoals:3 | Killed Louise
 21073 | Shoals:3 | Reached skill level 5 in Throwing
 21224 | Shoals:3 | Reached XP level 17. HP: 87/204 MP: 25/25
 21382 | Shoals:3 | Reached skill level 21 in Fighting
 21555 | Shoals:3 | Noticed Ilsuiw
 21555 | Shoals:3 | Noticed Bai Suzhen
 21582 | Shoals:4 | Entered Level 4 of the Shoals
 21627 | Shoals:4 | HP: 6/205 [satyr/arrow (37)]
 21629 | Shoals:4 | Noticed a sphinx
 21634 | Shoals:4 | HP: 7/205 [faun/sling bullet (15)]
 21641 | Shoals:4 | HP: 7/205 [merfolk javelineer/silver javelin (4)]
 21641 | Shoals:4 | Hit by a silver javelin thrown by a merfolk javelineer

Illustrated notes

Levels and vault maps discovered:
D:1:      minmay_arrival_nine_rooms, layout_rooms,
          dreamdust_ecumenical_altar_hidden_monk_grotto
D:2:      layout_loops_ring, minmay_strange_pillars, uniq_robin
D:3:      layout_basic, lightli_temple_of_fire
D:4:      layout_basic, mainiacjoe_overflow_cross_hatched, portal_sewer_entry_e,
          uniq_duvessa
D:5:      cheibrodos_fzero, layout_rooms, mainiacjoe_overflow_alcove_2
D:6:      layout_loops_cross, mainiacjoe_overflow_catch_the_wave,
          yredelemnul_altar_generic, minmay_temple_entry_gardened_gates,
          serial_aquarium, aquarium_bridge_square [aquarium_subvault_bridge,
          aquarium_subvault_window, aquarium_subvault_bridge,
          aquarium_subvault_bridge], aquarium_window_1, aquarium_window_corner,
          aquarium_window_corner, aquarium_view_2a, aquarium_balcony_1b,
          uniq_menkaure, uniq_grinder, uniq_edmund
D:7:      kennysheep_six_static_rooms, layout_basic
D:8:      layout_layer_cave
D:9:      cheibrodos_statue_roulette, layout_basic,
          mainiacjoe_overflow_small_starburst, nicolae_overflow_crystal_walls,
          david_lair_generic, kennysheep_doodads
D:10:     layout_rooms, mainiacjoe_overflow_alcove_1, orc_david_3,
          enter_bailey_3
D:11:     layout_stronghold, grunt_gozag_statues
D:12:     layout_stronghold, ebering_ghost_disaster_area,
          nzn_wu_jian_contemplation
D:13:     layout_irregular_city, hangedman_feature_mirror, uniq_kirke
D:14:     layout_rooms, david_vaults_2, nicolae_benzene_ring
D:15:     hangedman_depths_entry_try_elsewhere_first, layout_basic,
          lemuel_tele_altar, minmay_starry_boxes, uniq_jorgrun
Temple:   oiseaux_autumnal_temple
Lair:1:   layout_small_grid, wad_woods_river_01, serial_bayou_shore_b,
          grunt_megastairs_5
Lair:2:   layout_gridlike, elwin_shoals_entry_rooms, spider_nest_entry_rubble,
          minivault_25
Lair:3:   layout_gridlike, beast_lair_carwin_11
Lair:4:   layout_loops_ring, serial_rivers, chequers_serial_rivers_small_b,
          chequers_serial_rivers_micro_b, chequers_serial_rivers_small_a,
          chequers_serial_rivers_small_3, chequers_serial_rivers_room_b,
          lemuel_fruit_fields
Lair:5:   gammafunk_lair_ancient_temple, layout_gridlike,
          minmay_slime_entry_pillars, basic_altar
Shoals:1: layout_shoals, nicolae_shoals_nymph_descending_staircase, uniq_donald
Shoals:2: layout_shoals, uniq_roxanne
Shoals:3: layout_shoals, uniq_louise, uniq_ilsuiw, uniq_bai_suzhen
Shoals:4: shoals_end_hellmonk_lost_city, serial_shops
Orc:1:    layout_caves, serial_shops, shop
Orc:2:    hellmonk_orc_salted, layout_caves, serial_shops, shop_fountains,
          minmay_orc_temple_c

Skill      XL: |  1  2  3  4  5  6  7  8  9 10 11 12 13 14 15 16 17 |
---------------+----------------------------------------------------+-----
Conjurations   | 1 |  1.0
Dodging        | 2 3 7 9 11 | 11.1
Fighting       | 1 2 3 5 6 7 10 12 14 16 17 19 20 21 | 21.0
Maces & Flails | 1 2 3 4 5 7 8 10 11 13 14 15 16 17 | 17.3
Invocations    | 4 7 10 11 | 11.0
Throwing       | 1 5 |  5.8
Translocations | 2 7 |  7.6
Stealth        | |  1.6
Spellcasting   | |  2.5
Air Magic      | |  2.9

Action                   |  1- 3 |  4- 6 |  7- 9 | 10-12 | 13-15 | 16-18 || total
-------------------------+-------+-------+-------+-------+-------+-------++-------
Melee: Unarmed           |    17 |       |       |       |       |       ||    17
       Giant club        |       |    30 |   109 |   341 |   572 |   262 ||  1314
 Fire: Shortbow          |    40 |    46 |    61 |       |       |     3 ||   150
Throw: Large rock        |       |       |       |       |     1 |    11 ||    12
       Dart              |       |       |       |       |       |     1 ||     1
 Cast: Shock             |    13 |       |       |       |       |       ||    13
Invok: Slouch            |       |       |       |       |     3 |     2 ||     5
       Step From Time    |       |       |       |       |     2 |     1 ||     3
       Bend Time         |       |       |       |       |     1 |       ||     1
       Temporal Distorti |       |       |       |       |       |     3 ||     3
Evoke: Wand              |       |       |       |       |       |     9 ||     9
  Use: Scroll            |     3 |       |     3 |    12 |     9 |    12 ||    39
       Potion            |       |       |       |     1 |     8 |     5 ||    14
 Stab: Sleeping          |       |       |     2 |     9 |     5 |     5 ||    21
       Distracted        |       |       |       |     2 |    10 |     7 ||    19
Armor: Robe              |    12 |    34 |   108 |   171 |   168 |    66 ||   559
Dodge: Dodged            |    12 |    25 |   101 |   273 |   550 |   314 ||  1275

Table legend: (Time is in decaauts)
 A = Elapsed time spent in this place.
 B = Non-inter-level travel time spent in this place.
 C = Inter-level travel time spent in this place.
 D = Time resting spent in this place.
 E = Time spent auto-exploring this place.
 F = Levels seen in this place.
 G = Mean time per level.
                   A        B        C        D        E       F      G
               +--------+--------+--------+--------+--------+-----+--------+
         Total |  33165 |  31043 |   2122 |    207 |  25166 |  28 | 1184.5 |
       Dungeon |  17596 |  16265 |   1331 |     29 |  13379 |  15 | 1173.1 |
        Temple |    293 |    248 |     45 |      0 |    231 |   1 |  293.0 |
          Lair |   8440 |   7973 |    467 |     79 |   6765 |   5 | 1688.0 |
        Shoals |   3531 |   3439 |     92 |     99 |   2400 |   4 |  882.8 |
  Orcish Mines |   2843 |   2657 |    186 |      0 |   2127 |   2 | 1421.5 |
        Bailey |    459 |    459 |      0 |      0 |    262 |   1 |  459.0 |
               +--------+--------+--------+--------+--------+-----+--------+

Top non-repeatable levels by time:
  Lair:1: 2257 daAuts
    D:15: 2228 daAuts
   Orc:2: 2153 daAuts
    D:12: 1838 daAuts
    D:11: 1760 daAuts
  Lair:5: 1697 daAuts
  Lair:4: 1576 daAuts
  Lair:3: 1470 daAuts
  Lair:2: 1437 daAuts
     D:8: 1425 daAuts
Shoals:2: 1376 daAuts
    D:13: 1375 daAuts
     D:9: 1327 daAuts
     D:6: 1294 daAuts
    D:14: 1207 daAuts
